 Dungeon Crawl Stone Soup version 0.29.1-15-g9cfb28693d (webtiles) character file.

Game seed: 13890382040539524374

1933 leetdood the Tainter (level 9, -1/70 HPs)
             Began as a Naga Venom Mage on Feb 26, 2023.
             Was a Believer of Vehumet.
             Slain by a komodo dragon (22 damage)
             ... on level 6 of the Dungeon.
             The game lasted 01:08:25 (7475 turns).

leetdood the Tainter (Naga Venom Mage)              Turns: 7475, Time: 01:08:26

Health: -1/70      AC: 14    Str: 12    XL:     9   Next: 17%
Magic:  8/19       EV: 12    Int: 19    God:    Vehumet [**....]
Gold:   225        SH:  0    Dex: 11    Spells: 10/21 levels left

rFire   . . .      SeeInvis +   e - +2 dagger (venom)
rCold   . . .      Faith    +   (no shield)
rNeg    + . .      Spirit   .   a - +1 robe
rPois   +          Reflect  .   (helmet restricted)
rElec   .          Harm     .   y - +0 cloak
rCorr   .          Rampage  .   (no gloves)
Will    +....                   c - +4 barding of the Arena {Fly Stlth+}
Stlth   +++.......              f - amulet of faith
HPRegen 0.21/turn               o - +4 ring of evasion
MPRegen 0.16/turn               x - ring of positive energy

@: flying, very slow
A: AC +3, large, see invisible, deformed body, poison resistance, slowness 2,
spit poison 1, naga tail 1, horns 1, screaming 1
a: Spit Poison, Renounce Religion


You were on level 6 of the Dungeon.
You worshipped Vehumet.
Vehumet was pleased with you.
You visited 1 branch of the dungeon, and saw 6 of its levels.
You also visited: Sewer.

You collected 225 gold pieces.

Inventory:

Hand Weapons
 e - a +2 dagger of venom (weapon)
Missiles
 b - 2 throwing nets
 q - 10 poisoned darts
 r - 2 atropa-tipped darts
Armour
 a - a +1 robe (worn)
 c - the +4 barding of the Arena (worn) {Fly Stlth+}
   (You acquired it on level 1 of the Dungeon)

   Fly:       It grants you flight.
   Stlth:     It makes you more stealthy.
 y - a +0 cloak (worn)
Jewellery
 f - an amulet of faith (around neck)
 o - a +4 ring of evasion (left hand)
 x - a ring of positive energy (right hand)
Wands
 l - a wand of flame (2)
 n - a wand of polymorph (1)
 p - a wand of quicksilver (9)
Scrolls
 d - 8 scrolls of identify
 i - a scroll of magic mapping {unknown}
 k - a scroll of noise {unknown}
 t - 2 scrolls of butterflies {unknown}
 u - a scroll of summoning {unknown}
 v - 2 scrolls of amnesia
 w - 2 scrolls of vulnerability
Potions
 g - a potion of attraction
 h - a potion of might
 j - a potion of berserk rage
 m - 2 potions of lignification
 s - a potion of invisibility {unknown}
 z - 2 potions of brilliance
 A - a potion of cancellation {unknown}


   Skills:
 + Level 1.5 Fighting
 + Level 2.8 Dodging
 + Level 3.8 Stealth
 + Level 6.9 Spellcasting
 + Level 5.7 Transmutations
 + Level 8.7 Poison Magic


You had 10 spell levels left.
You knew the following spells:

 Your Spells              Type           Power      Damage    Failure   Level
a - Sting                 Tmut/Pois      100%       1d8       1%          1
b - Mephitic Cloud        Conj/Pois/Air  17%        N/A       10%         3
c - Poisonous Vapours     Pois/Air       46%        N/A       2%          2
d - Summon Guardian Gole  Hex/Summ       6%         N/A       30%         3
e - Searing Ray           Conj           12%        2d4       16%         2

Your spell library contained the following spells:

 Spells                   Type           Power      Damage    Failure   Level
 Olgreb's Toxic Radiance  Pois           39%        N/A       2%          4
 Confusing Touch          Hex            6%         N/A       30%         3
 Yara's Violent Unravell  Hex/Tmut       8%         3d5       65%         5
 Enfeeble                 Hex            3%         N/A       100%        7
 Orb of Destruction       Conj           3%         9d5       100%        7
 Spellforged Servitor     Conj/Summ      3%         N/A       100%        7


Dungeon Overview and Level Annotations

Branches:
Dungeon (6/15)              Sewer (visited)
 Temple: D:4-7

Altars:
Elyvilon
Hepliaklqana
Trog
Vehumet
Wu Jian


Innate Abilities, Weirdness & Mutations

Your serpentine skin is tough. (AC +3)
You have supernaturally acute eyesight. (SInv)
Armour fits poorly on your strangely shaped body.
Your system is resistant to poisons. (rPois)
You cover ground very slowly.
You can spit poison.
You have a snake-like lower body.
You have a pair of small horns on your head.
You occasionally shout uncontrollably at your foes.


Message History

Aim: a komodo dragon (moderately wounded, 74% to hit)
The splash of poison hits the komodo dragon.
The komodo dragon is poisoned.
The komodo dragon is moderately wounded.
The komodo dragon bites you but does no damage.
Aiming: Sting (safe; 1% risk of failure)
Press: ? - help, Q - select action, (/) - cycle Shift-Dir - straight line, f/p - komodo dragon
Aim: a komodo dragon (moderately wounded, poisoned, 84% to hit)
The sting misses the komodo dragon.
The komodo dragon bites you!!
Aiming: Sting (safe; 1% risk of failure)
Press: ? - help, Q - select action, (/) - cycle Shift-Dir - straight line, f/p - komodo dragon
Aim: a komodo dragon (moderately wounded, poisoned, 84% to hit)
The sting hits the komodo dragon.
The komodo dragon looks even sicker.
The komodo dragon is moderately wounded.
The komodo dragon bites you.
Aiming: Sting (safe; 1% risk of failure)
Press: ? - help, Q - select action, (/) - cycle Shift-Dir - straight line, f/p - komodo dragon
Aim: a komodo dragon (heavily wounded, very poisoned, 84% to hit)
The sting hits the komodo dragon but does no damage.
The komodo dragon looks even sicker.
The komodo dragon is heavily wounded.
The komodo dragon bites you!
Casting: Sting (safe; 1% risk of failure)
Confirm with . or Enter, or press ? or * to list all spells.
Aiming: Searing Ray (safe; 16% risk of failure)
Press: ? - help, Shift-Dir - straight line, f/p - komodo dragon
Aim: a komodo dragon (heavily wounded, very poisoned, 81% to hit)
The searing ray hits the komodo dragon but does no damage.
The komodo dragon is heavily wounded. (Press . to maintain the ray.)
You have got your breath back.
The komodo dragon bites you but does no damage.
The searing ray misses the komodo dragon.
The komodo dragon bites you!
* * * LOW HITPOINT WARNING * * *
The searing ray hits the komodo dragon.
The komodo dragon is heavily wounded.
The komodo dragon bites you!!
You die...

..................<#..
##...........##....[..
............######..# #
#..........#####.... ..
#..........##.....#.
..(###...<..[...[..####.
............)##.[.#####.
#............##[...##..
##...:@....####.....##.
....#..l..### ##..#...[.
... #....## ##..##..#..
##.... #.5...#.#..
###..).##.....#....
..#..........#...
..#.........####.
.#..........# #.
........#....# .


You could see a komodo dragon (very poisoned).

Vanquished Creatures
  Sigmund (D:2)
  2 water moccasins (D:5)
  A black bear (D:4)
  A sky beast (D:4)
  An ice beast (D:5)
  2 ogres
  A phantom (D:4)
  2 kobold brigands (Sewer)
  A necrophage (D:5)
  A scorpion (D:4)
  2 howler monkeys
  2 hounds
  A gnoll bouda (D:6)
  Crazy Yiuf (D:3)
  3 orc priests (D:4)
  3 orc wizards
  Natasha (thrice) (D:2)
  Robin (D:2)
  11 adders
  3 gnolls (D:2)
  5 river rats
  3 shadow imps (D:6)
  2 white imps (D:6)
  An ufetubus (D:5)
  A worm (D:3)
  5 dart slugs
  10 orcs
  5 bats
  9 endoplasms
  4 giant cockroaches
  16 goblins
  10 hobgoblins
  6 jackals
  3 quokkas
  11 ball pythons
  2 frilled lizards
  18 kobolds
  6 rats
160 creatures vanquished.

Vanquished Creatures (others)
  9 plants (Sewer)
9 creatures vanquished.

Grand Total: 169 creatures vanquished

Notes
Turn   | Place    | Note
-------+----------+-------------------------------------------
     0 | D:1      | leetdood the Naga Venom Mage began the quest for the Orb.
     0 | D:1      | Reached XP level 1. HP: 15/15 MP: 3/3
   194 | D:1      | Reached XP level 2. HP: 22/22 MP: 3/5
   484 | D:1      | Reached skill level 5 in Poison Magic
   484 | D:1      | Reached XP level 3. HP: 28/28 MP: 4/6
   676 | D:1      | Found a faded altar of an unknown god.
   709 | D:1      | Identified a scroll of acquirement
   709 | D:1      | Acquired the +4 barding of the Arena {Fly Stlth+}
   719 | D:1      | Learned a level 3 spell: Mephitic Cloud
  1072 | D:2      | Gained mutation: You occasionally shout uncontrollably at
                  | your foes. [potion of mutation]
  1072 | D:2      | Gained mutation: You have a pair of small horns on your
                  | head. [potion of mutation]
  1222 | D:2      | Noticed Sigmund
  1230 | D:2      | Noticed Robin
  1231 | D:2      | Killed Sigmund
  1232 | D:2      | Reached XP level 4. HP: 31/37 MP: 1/8
  1232 | D:2      | Reached XP level 5. HP: 36/43 MP: 1/9
  1244 | D:2      | Killed Robin
  1249 | D:2      | Reached XP level 6. HP: 40/50 MP: 0/11
  1417 | D:2      | Noticed Natasha
  1419 | D:2      | Killed Natasha
  1420 | D:2      | Reached skill level 6 in Poison Magic
  1562 | D:2      | Noticed Natasha
  1572 | D:2      | Killed Natasha
  1647 | D:2      | Noticed Natasha
  1656 | D:2      | Killed Natasha
  1807 | D:2      | Reached skill level 1 in Fighting
  2670 | D:3      | Found a glowing drain.
  2674 | Sewer    | Entered a sewer
  2711 | Sewer    | Reached XP level 7. HP: 57/57 MP: 4/13
  3479 | D:3      | Learned a level 2 spell: Poisonous Vapours
  3578 | D:3      | Found an ornate altar of the Wu Jian Council.
  3625 | D:3      | Found a radiant altar of Vehumet.
  3633 | D:3      | Found a white marble altar of Elyvilon.
  3641 | D:3      | Became a worshipper of Vehumet
  4087 | D:3      | Found a runed translucent door.
  4088 | D:3      | Noticed Crazy Yiuf
  4205 | D:3      | Found a hazy altar of Hepliaklqana.
  4278 | D:3      | Killed Crazy Yiuf
  4698 | D:4      | Reached skill level 7 in Poison Magic
  4777 | D:4      | Reached skill level 5 in Spellcasting
  4860 | D:4      | Reached XP level 8. HP: 44/64 MP: 1/15
  5266 | D:4      | Reached * piety under Vehumet
  5266 | D:4      | Offered knowledge of Freeze by Vehumet.
  5977 | D:4      | Found a bloodstained altar of Trog.
  6037 | D:5      | Entered Level 5 of the Dungeon
  6196 | D:5      | Reached skill level 5 in Transmutations
  6320 | D:5      | Reached skill level 8 in Poison Magic
  6628 | D:5      | Learned a level 3 spell: Summon Guardian Golem
  6785 | D:5      | Reached XP level 9. HP: 70/70 MP: 15/18
  7052 | D:6      | Reached ** piety under Vehumet
  7053 | D:6      | Offered knowledge of Searing Ray by Vehumet.
  7057 | D:6      | Learned a level 2 spell: Searing Ray
  7063 | D:6      | Noticed a komodo dragon
  7475 | D:6      | Slain by a komodo dragon

Illustrated notes

Levels and vault maps discovered:
D:1:      dpeg_arrival_connections, layout_rooms,
          hellmonk_ecumenical_altar_zigzags
D:2:      cheibrodos_helix_gallery, layout_basic, uniq_natasha, uniq_sigmund,
          uniq_robin
D:3:      layout_loops_ring, general_overflow_altar,
          mainiacjoe_overflow_big_doors, nzn_wu_jian_council_hall,
          gup_sewer_entry_bowl, minivault_11, minmay_misc_feat_secret_circle,
          uniq_crazy_yiuf_cottage
D:4:      layout_layer_cave, trog_hazing_becter
D:5:      cheibrodos_two_vegetables, layout_cave_pools
D:6:      layout_cave_pools, zin_treasury, xom_confusion_cloud,
          mainiacjoe_overflow_alcove_4, grunt_decor_one_mirror, uniq_grinder

Skill      XL: |  1  2  3  4  5  6  7  8 |
---------------+-------------------------+-----
Poison Magic   | 5 6 7 8 |  8.7
Spellcasting   | 3 4 5 6 |  6.9
Transmutations | 2 3 4 5 |  5.7
Dodging        | 2 |  2.8
Fighting       | 1 |  1.5
Stealth        | |  3.8

Action                   |  1- 3 |  4- 6 |  7- 9 || total
-------------------------+-------+-------+-------++-------
Melee: Dagger            |       |       |     7 ||     7
       Headbutt          |       |       |     2 ||     2
 Cast: Sting             |    48 |    48 |   250 ||   346
       Summon Guardian G |       |       |     1 ||     1
       Searing Ray       |       |       |     5 ||     5
 Abil: Spit Poison       |    35 |    29 |    86 ||   150
  Use: Scroll            |     3 |       |     3 ||     6
       Potion            |     2 |       |     5 ||     7
Armor: Robe              |     9 |    15 |   121 ||   145
Dodge: Dodged            |    32 |    16 |   157 ||   205
